 Dungeon Crawl Stone Soup version 0.30-a0-359-gd0147acb1a (webtiles) character file.

Game seed: 14507022627475941259

267 Maxmaps the Trooper (level 6, -6/43 HPs)
             Began as an Octopode Monk on Nov 11, 2022.
             Mangled by an orc warrior
             ... wielding a +0 trident
              (10 damage)
             ... on level 4 of the Dungeon.
             The game lasted 00:03:59 (3238 turns).

Maxmaps the Trooper (Octopode Monk)                 Turns: 3238, Time: 00:04:00

Health: -6/43      AC:  1    Str: 10    XL:     6   Next: 21%
Magic:  7/10       EV: 14    Int: 15    God:
Gold:   208        SH:  0    Dex: 14    Spells: 10/11 levels left

rFire   . . .      SeeInvis .      - Unarmed
rCold   . . .      Faith    .    (no shield)
rNeg    . . .      Spirit   .    (helmet restricted)
rPois   .          Reflect  .    (no amulet)
rElec   .          Harm     .    (no ring)
rCorr   .          Rampage  .    (no ring)
Will    .....                    (no ring)
Stlth   +++.......               (no ring)
HPRegen 0.27/turn                (no ring)
MPRegen 0.12/turn                (no ring)
                                 (no ring)
                                 (no ring)

@: mighty
A: almost no armour, amphibious, 8 rings, camouflage 1, gelatinous body 1,
(nimble swimmer 1), tentacles
a: no special abilities


You were on level 4 of the Dungeon.
You visited 1 branch of the dungeon, and saw 4 of its levels.

You collected 208 gold pieces.

Inventory:

Armour
 n - an orb of wrath
Wands
 o - a wand of charming (9)
Scrolls
 b - 2 scrolls of fear {unknown}
 c - a scroll of immolation {unknown}
 d - 6 scrolls of identify {unknown}
 f - 2 scrolls of noise {unknown}
 g - a scroll of silence {unknown}
 h - a scroll of brand weapon {unknown}
 i - a scroll of enchant weapon {unknown}
 j - a scroll of acquirement {unknown}
 l - 2 scrolls of magic mapping {unknown}
 p - a scroll of enchant armour {unknown}
Potions
 a - 2 potions of ambrosia
 e - 2 potions of curing
 k - a potion of might
 m - a potion of mutation {unknown}


   Skills:
 - Level 4.1 Fighting
 - Level 4.1 Dodging
 - Level 2.6 Stealth
 - Level 3.6 Unarmed Combat
 - Level 3.0 Spellcasting
 + Level 1.2 Summonings


You had 10 spell levels left.
You knew the following spells:

 Your Spells              Type           Power      Damage    Failure   Level
a - Summon Small Mammal   Summ           20%        N/A       12%         1

Your spell library contained the following spells:

 Spells                   Type           Power      Damage    Failure   Level
 Apportation              Tloc           4%         N/A       21%         1
 Necrotise                Necr           8%         1d4       21%         1
 Cigotuvi's Dreadful Rot  Necr/Pois/Air  4%         N/A       30%         2
 Gell's Gravitas          Tloc           2%         N/A       52%         3
 Lesser Beckoning         Tloc           4%         N/A       52%         3
 Mephitic Cloud           Conj/Pois/Air  2%         N/A       52%         3
 Teleport Other           Tloc           2%         N/A       52%         3
 Vhi's Electric Charge    Tloc/Air       4%         N/A       52%         3
 Dispersal                Tloc           1%         N/A       100%        6


Dungeon Overview and Level Annotations

Branches:
Dungeon (4/15)
 Temple: D:4-7

Altars:
Uskayaw


Innate Abilities, Weirdness & Mutations

You cannot wear most types of armour.
You are amphibious.
You can wear up to eight rings at the same time.
Your skin changes colour to match your surroundings (Stealth+).
Your rubbery body absorbs attacks. (AC +1, EV +1)
((You are camouflaged when in or above water. (Stealth+)))
You have tentacles for arms and can constrict up to eight enemies at once.


Message History

You swap places.
Your rat bites the orc warrior but does no damage.
Your bat completely misses the orc warrior.
Your bat closely misses the orc warrior.
The orc warrior hits your rat with a +0 trident!
Your rat dies!
Your rat's corpse disappears in a puff of smoke!
Your bat closely misses the orc warrior.
The orc warrior hits your bat with a +0 trident!
Your bat dies!
Your bat's corpse disappears in a puff of smoke!
Casting: Summon Small Mammal (safe; 12% risk of failure)
Confirm with . or Enter, or press ? or * to list all spells.
Casting: Summon Small Mammal (safe; 12% risk of failure)
Confirm with . or Enter, or press ? or * to list all spells.
The orc warrior hits you with a +0 trident!
You closely miss the orc warrior. You grab the orc warrior.
You squeeze the orc warrior.
The orc warrior is lightly wounded.
You constrict the orc warrior, but do no damage.
The orc warrior hits you with a +0 trident!
* * * LOW HITPOINT WARNING * * *
It was a potion of curing.
You feel better.
You constrict the orc warrior.
The orc warrior hits you with a +0 trident!
* * * LOW HITPOINT WARNING * * *
Your rat bites the orc warrior but does no damage.
Your rat bites the orc warrior.
It was a potion of might.
You feel very mighty all of a sudden.
You constrict the orc warrior, but do no damage.
The orc warrior hits your rat with a +0 trident!
Your rat dies!
Your rat's corpse disappears in a puff of smoke!
Your rat bites the orc warrior but does no damage.
The orc warrior shouts!
You tentacle-slap the orc warrior.
The orc warrior is heavily wounded.
You constrict the orc warrior.
The orc warrior hits you with a +0 trident!
You die...

#.....##...##...#....
#......#...##.o.#####
......#...#...o.....
#.....#...#.........
#.....#...#.....##..
+.....#...#.....##..
#....##...##....##..
#..ยง.##...##....##..
##.r@..'.........###+
#...o..#.........#...
##.....#########+##...
####......#..............
.........).).............
#######.####.............
#....o##.)...........
#....##.....#+#######
#...$##.)....#


You could see an orc warrior (ally target) and a friendly rat (summoned).

Vanquished Creatures
  A phantom (D:4)
  An orc priest (D:4)
  An orc wizard (D:4)
  6 adders
  2 worms (D:2)
  A dart slug (D:1)
  3 orcs
  9 endoplasms
  A giant cockroach (D:2)
  4 goblins
  6 hobgoblins
  8 jackals
  5 quokkas
  2 ball pythons
  8 bats
  2 frilled lizards (D:1)
  6 kobolds
  3 rats
69 creatures vanquished.

Vanquished Creatures (collateral kills)
  2 orcs (D:4)
2 creatures vanquished.

Grand Total: 71 creatures vanquished

Notes
Turn   | Place    | Note
-------+----------+-------------------------------------------
     0 | D:1      | Maxmaps the Octopode Monk began the quest for the Orb.
     0 | D:1      | Reached XP level 1. HP: 16/16 MP: 1/1
    67 | D:1      | Reached XP level 2. HP: 17/21 MP: 2/2
   623 | D:1      | Reached XP level 3. HP: 27/27 MP: 3/3
   634 | D:1      | Found a faded altar of an unknown god.
  1203 | D:2      | Found a hide-covered altar of Uskayaw.
  1331 | D:2      | Reached XP level 4. HP: 33/33 MP: 4/4
  1344 | D:2      | Got the Incunabulum of the Topological Stinger
  2080 | D:3      | Identified the +0 helmet "Wahupop" {rC- Regen+ Dex+9
                  | Slay-3}
  2583 | D:4      | Noticed an ogre
  2613 | D:4      | Learned a level 1 spell: Summon Small Mammal
  2664 | D:4      | Noticed an orc warrior
  2802 | D:4      | Reached skill level 1 in Spellcasting
  2802 | D:4      | Reached XP level 5. HP: 26/37 MP: 4/7
  3042 | D:4      | Noticed a phantom
  3073 | D:4      | Killed a phantom
  3074 | D:4      | Reached XP level 6. HP: 30/43 MP: 5/10
  3165 | D:4      | Reached skill level 1 in Summonings
  3238 | D:4      | Mangled by an orc warrior

Illustrated notes

Levels and vault maps discovered:
D:1:      sevenhm_arrival_forest_fort_small_4, layout_basic,
          shapermc_ecumenical_altar_pompeii, nicolae_titane
D:2:      layout_rooms, basic_altar, hangedman_decor_peaks_small,
          chequers_arboretum
D:3:      layout_basic, serial_glass, glass_columns_c, glass_columns_a,
          item_on_display_a, due_unseen_surprise
D:4:      layout_gridville, gammafunk_ghost_grave, guppyfry_early_orc_mine

Skill      XL: |  1  2  3  4  5  6 |
---------------+-------------------+-----
Fighting       | 4 |  4.1
Dodging        | 4 |  4.1
Spellcasting   | 1 3 |  3.0
Summonings     | 1 |  1.2
Stealth        | |  2.6
Unarmed Combat | |  3.6

Action                   |  1- 3 |  4- 6 || total
-------------------------+-------+-------++-------
Melee: Unarmed           |    78 |    93 ||   171
       Constrict         |    17 |    20 ||    37
       Tentacles         |    17 |    18 ||    35
       Punch             |       |     1 ||     1
 Cast: Summon Small Mamm |       |    14 ||    14
  Use: Potion            |       |     2 ||     2
 Stab: Sleeping          |    11 |     4 ||    15
       Distracted        |     1 |       ||     1
Armor: Skin              |     6 |     6 ||    12
Dodge: Dodged            |    54 |    63 ||   117

Table legend: (Time is in decaauts)
 A = Elapsed time spent in this place.
 B = Non-inter-level travel time spent in this place.
 C = Inter-level travel time spent in this place.
 D = Time resting spent in this place.
 E = Time spent auto-exploring this place.
 F = Levels seen in this place.
 G = Mean time per level.
                   A        B        C        D        E       F      G
               +--------+--------+--------+--------+--------+-----+--------+
         Total |   3226 |   3180 |     46 |    399 |   2130 |   4 |  806.5 |
       Dungeon |   3226 |   3180 |     46 |    399 |   2130 |   4 |  806.5 |
               +--------+--------+--------+--------+--------+-----+--------+

Top non-repeatable levels by time:
     D:1: 1029 daAuts
     D:3: 864 daAuts
     D:2: 761 daAuts
     D:4: 570 daAuts
